 Dungeon Crawl Stone Soup version 0.26.0-45-g9c1d065592 (webtiles) character file.

Game seed: 2102638410038002419

644 MrSixtyFour the Ruffian (level 7, 0/53 HPs)
             Began as a Pale Draconian Transmuter on Jan 30, 2021.
             Was a Follower of Cheibriados.
             Slain by a gnoll
             ... wielding a +3 halberd
              (14 damage)
             ... on level 5 of the Dungeon.
             The game lasted 00:23:49 (5435 turns).

MrSixtyFour the Ruffian (Pale Draconian Transmuter) Turns: 5435, Time: 00:23:49

Health: 0/53       AC:  7    Str: 17    XL:     7   Next: 27%
Magic:  9/11       EV: 13    Int: 17    God:    Cheibriados [*.....]
Gold:   225        SH:  0    Dex: 14    Spells: 9/12 levels left

rFire    . . .     SeeInvis .     - Unarmed
rCold    + . .     Faith    .   (no shield)
rNeg     . . .     Spirit   .   (armour unavailable)
rPois    .         Reflect  .   (helmet currently unavailable)
rElec    .         Harm     .   o - +0 cloak
rCorr    +         Rampage  .   (no gloves)
Will     .....                  (boots currently unavailable)
Stlth    ++........             k - amulet of the acrobat
HPRegen  0.17/turn              m - ring of protection from cold
MPRegen  0.12/turn              b - ring of resist corrosion

@: appendages (expiring), wereblooded, very slow
A: breathe steam, unfitting armour, horns 2, talons 2, cold-blooded, AC +6
a: Breathe Steam, End Transformation, Renounce Religion, Bend Time


You were on level 5 of the Dungeon.
You worshipped Cheibriados.
Cheibriados was aware of your devotion.
You had grown temporary horns.
You had grown temporary talons.
You visited 1 branch of the dungeon, and saw 5 of its levels.

You collected 225 gold pieces.

Inventory:

Armour
 o - a +0 cloak (worn)
 r - a +0 pair of gloves
Jewellery
 b - a ring of resist corrosion (right hand)
 k - an amulet of the acrobat (around neck)
 m - a ring of protection from cold (left hand)
 p - a cursed ring of attention {unknown}
Scrolls
 a - a scroll of fear
 f - 3 scrolls of remove curse
 g - a scroll of blinking
 h - a scroll of amnesia
 i - 2 scrolls of teleportation
 j - a scroll of enchant armour {unknown}
 l - a scroll of fog {unknown}
 n - a scroll of random uselessness {unknown}
 q - a scroll of magic mapping {unknown}
Potions
 c - a potion of curing
 d - a potion of heal wounds {unknown}
 e - a potion of degeneration {unknown}


   Skills:
 + Level 1.9 Fighting
 + Level 3.4 Dodging
 - Level 1.0 Stealth
 + Level 5.7 Unarmed Combat
 + Level 3.2 Spellcasting
 * Level 4.0 Transmutations
 * Level 1.0 Invocations


You had 9 spell levels left.
You knew the following spells:

 Your Spells              Type           Power        Failure   Level
a - Beastly Appendage     Tmut           32%          3%          1
b - Wereblood             Tmut           16%          4%          2

Your spell library contained the following spells:

 Spells                   Type           Power        Failure   Level
 Corona                   Hex            2%           17%         1
 Spider Form              Tmut/Pois      4%           22%         3
 Ensorcelled Hibernation  Hex/Ice        4%           26%         2
 Confusing Touch          Hex            2%           45%         3
 Dazzling Flash           Conj/Hex       4%           45%         3
 Tukima's Dance           Hex            2%           45%         3
 Ice Form                 Ice/Tmut       9%           58%         4
 Blade Hands              Tmut           8%           65%         5


Dungeon Overview and Level Annotations

Branches:
Dungeon (5/15)
 Temple: D:4-7

Altars:
Cheibriados
Gozag
Yredelemnul

Portals:
Abyss: D:3

Annotations:
D:3 2 transporters, runemasterragnar's ghost, amateur DgTm


Innate Abilities, Weirdness & Mutations

You can breathe blasts of scalding, opaque steam.
Your pale cyan-grey scales are hard. (AC +6)
You cannot fit into any form of body armour.
You are cold-blooded and may be slowed by cold attacks.
You have a pair of horns on your head.
You have razor-sharp toenails.


Message History

Your Transmutations skill increases to level 4!
The centaur unwields a +0 shortbow.
The centaur barely misses you. The gnoll completely misses you.
The centaur completely misses you. The gnoll misses you.
Items here: )) ††.
You barely miss the centaur.
You tail-slap the centaur, but do no damage.
The centaur closely misses you.
You punch the centaur! You tail-slap the centaur.
The centaur is severely wounded.
The centaur hits you.
* * * LOW HITPOINT WARNING * * *
The gnoll closely misses you.
The centaur hits you but does no damage.
You hit the centaur. You claw the centaur.
You kill the centaur!
Cheibriados appreciates the change of pace.
You howl as the wereblood boils in your veins!
The gnoll hits you with a +3 halberd!
You die...

.. .# . .# # .# .####.#
#.# #.# ......# #.###
...# #####.. ....#
##.#.# .#### ##.#.#
...$.## ....#
..#.#####g......
....#####.#(..((@)......
........).#.#####.....##
....###.....# .....#
....# #.#.#.# ##.###
#.### #.#.#.# ... #.#
#.#.#.# ### ..# #.#.#.#
## #.#.#.# #.#.#.#


You could see a gnoll.

Vanquished Creatures
  An ice beast (D:5)
  A centaur (D:5)
  A scorpion (D:4)
  A centaur zombie (D:5)
  2 hounds
  A centaur skeleton (D:5)
  An orc wizard (D:4)
  An iguana (D:5)
  2 worker ants
  5 gnolls
  13 adders
  An ufetubus (D:5)
  3 worms
  4 dart slugs
  3 leopard geckos (D:3)
  8 orcs
  A ball python (D:4)
  10 bats
  4 giant cockroaches
  9 goblins
  6 hobgoblins
  3 quokkas
  4 frilled lizards
  6 kobolds
  10 rats
101 creatures vanquished.

Vanquished Creatures (others)
  A kobold (D:2)
1 creature vanquished.

Grand Total: 102 creatures vanquished

Notes
Turn   | Place    | Note
-------+----------+-------------------------------------------
     0 | D:1      | MrSixtyFour the Draconian Transmuter began the quest for
                  | the Orb.
     0 | D:1      | Reached XP level 1. HP: 16/16 MP: 3/3
   139 | D:1      | Reached XP level 2. HP: 22/23 MP: 3/5
   893 | D:2      | Found a faded altar of an unknown god.
   918 | D:2      | Reached XP level 3. HP: 28/28 MP: 6/6
  1345 | D:2      | Reached XP level 4. HP: 32/35 MP: 7/7
  1389 | D:2      | Found an opulent altar of Gozag.
  1389 | D:2      | Found a basalt altar of Yredelemnul.
  1390 | D:2      | Found a snail-covered altar of Cheibriados.
  1941 | D:2      | Reached skill level 4 in Unarmed Combat
  2478 | D:3      | Reached XP level 5. HP: 40/40 MP: 8/8
  3218 | D:3      | Found a transporter.
  3243 | D:3      | Found a transporter.
  3258 | D:3      | Found a one-way gate to the infinite horrors of the Abyss.
  3258 | D:3      | Noticed runemasterragnar's ghost (amateur DgTm)
  3268 | D:3      | Noticed a small abomination
  3270 | D:3      | Noticed an ancient zyme
  3684 | D:2      | Became a worshipper of Cheibriados the Contemplative
  3764 | D:4      | Learned a level 2 spell: Wereblood
  3924 | D:4      | Reached skill level 5 in Unarmed Combat
  4477 | D:4      | Reached XP level 6. HP: 47/47 MP: 8/10
  4795 | D:4      | Reached skill level 1 in Stealth
  4968 | D:5      | Entered Level 5 of the Dungeon
  4982 | D:5      | Reached * piety under Cheibriados
  5246 | D:5      | Your scales start taking on a pale cyan-grey colour.
  5246 | D:5      | Reached XP level 7. HP: 38/53 MP: 9/11
  5430 | D:5      | Reached skill level 1 in Invocations
  5435 | D:5      | Slain by a gnoll

Illustrated notes

Levels and vault maps discovered:
D:1:      heliophobic_arrival_battle_scene, layout_rooms
D:2:      layout_loops_cross, nicolae_overflow_hidden_temple,
          chequers_ecumenical_altar_grove
D:3:      layout_loops_corners, gammafunk_ghost_abyssal_escape, minivault_4
D:4:      layout_loops_ring
D:5:      lemuel_castle_with_subvaults [lemuel_castle_interior_original],
          layout_loops_ring, minmay_temple_entry_statues_pillars

Skill      XL: |  1  2  3  4  5  6  7 |
---------------+----------------------+-----
Dodging        | 2 3 |  3.4
Unarmed Combat | 4 5 |  5.7
Transmutations | 3 4 |  4.0
Stealth        | 1 |  1.0
Spellcasting   | 3 |  3.2
Invocations    | 1 |  1.0
Fighting       | |  1.9

Action                   |  1- 3 |  4- 6 |  7- 9 || total
-------------------------+-------+-------+-------++-------
Melee: Unarmed           |   113 |   276 |    15 ||   404
       Kick              |    14 |    29 |     5 ||    48
       Tailslap          |    10 |    23 |     4 ||    37
       Headbutt          |     3 |    15 |     2 ||    20
       Punch             |       |     2 |     1 ||     3
 Cast: Beastly Appendage |     9 |    16 |     3 ||    28
       Wereblood         |       |     2 |     1 ||     3
  Use: Scroll            |       |     7 |       ||     7
       Potion            |       |     1 |       ||     1
 Stab: Sleeping          |       |     3 |       ||     3
Armor: Skin              |    50 |    69 |     4 ||   123
Dodge: Dodged            |    76 |   204 |    13 ||   293
